 Dungeon Crawl Stone Soup version 0.30.0-21-gd299b56b3f (webtiles) character file.

Game seed: 16357499077121203653

714 qw the Chopper (level 7, -1/43 HPs)
             Began as a Gargoyle Fighter on June 2, 2023.
             Was an Initiate of Okawaru.
             Slain by a soul eater (16 damage)
             ... summoned by a kobold demonologist
             ... on level 6 of the Dungeon.
             The game lasted 00:02:04 (5232 turns).

qw the Chopper (Gargoyle Fighter)                   Turns: 5232, Time: 00:02:04

Health: -1/43      AC: 16    Str: 21      XL:     7   Next: 69%
Magic:  7/7        EV:  7    Int:  9      God:    Okawaru [......]
Gold:   364        SH:  8    Dex:  8 (9)  Spells: 6/6 levels left

rFire   . . .        Y - +1 war axe
rCold   . . .        h - +0 kite shield
rNeg    + . .        m - +0 chain mail
rPois   inf          (no helmet)
rElec   +            j - +0 cloak
rCorr   +            k - +0 pair of gloves
SInv    .            (no boots)
Will    .....        (no amulet) Stlth
                     e - ring of resist corrosion
HPRegen 0.27/turn    (no ring)
MPRegen 0.10/turn

%: no passive effects
@: no status effects
A: sickness immunity, AC +4, negative energy resistance 1, electricity
resistance, torment resistance 1, petrification resistance
a: Renounce Religion


You were on level 6 of the Dungeon.
You worshipped Okawaru.
Okawaru was noncommittal.
You visited 2 branches of the dungeon, and saw 7 of its levels.

You collected 364 gold pieces.


Innate Abilities, Weirdness & Mutations

You are immune to sickness and miasma.
Your stone body is resilient. (AC +4)
You are immune to poison.
You resist negative energy. (rN+)
You are resistant to electric shocks. (rElec)
You are resistant to unholy torment.
You are immune to petrification.


   Skills:
 - Level 4.2 Fighting
 - Level 6.1 Axes
 - Level 1.0 Throwing
 - Level 3.2 Armour
 + Level 5.5 Shields


You had 6 spell levels left.
You didn't know any spells.
Your spell library was empty.

Inventory:

Hand Weapons
 b - a +0 flail
 Y - a +1 war axe (weapon)
Missiles
 a - a javelin (quivered)
Armour
 c - a +0 scale mail of fire resistance
 h - a +0 kite shield (worn)
 j - a +0 cloak (worn)
 k - a +0 pair of gloves (worn)
 m - a +0 chain mail (worn)
Jewellery
 e - a ring of resist corrosion (left hand)
Scrolls
 f - 4 scrolls of identify
 g - a scroll of teleportation
Potions
 d - 3 potions of might
 i - 2 potions of curing
 l - a potion of heal wounds

Dungeon Overview and Level Annotations

Branches:
Dungeon (6/15)             Temple (1/1) D:5

Altars:
Ashenzari
Cheibriados
Dithmenos
Elyvilon
Fedhas
Gozag
Hepliaklqana
Kikubaaqudgha
Makhleb
Okawaru
Trog
Vehumet
Wu Jian
Xom
Yredelemnul
Zin
The Shining One

Annotations:
D:4 1 runed translucent door, Crazy Yiuf


Message History

The white imp hits you but does no damage.
Your Axes skill increases to level 6!
You hit the white imp.
You kill the white imp!
The white imp disappears in a puff of smoke!
You closely miss the kobold demonologist.
You closely miss the soul eater.
You block the kobold demonologist's attack.
The soul eater hits you.
You closely miss the kobold demonologist.
The kobold demonologist is moderately wounded.
You closely miss the soul eater.
The kobold demonologist casts a spell.
The soul eater hits you.
The kobold demonologist hits you but does no damage.
The soul eater hits you.
You hit the kobold demonologist but do no damage.
The kobold demonologist is moderately wounded.
You closely miss the soul eater. You slash the ufetubus!
You kill the ufetubus!
The ufetubus disappears in a puff of smoke!
You slash the iron imp!
The white imp disappears in a puff of smoke!
The kobold demonologist gestures wildly while chanting.
A troll comes into view.
An orc comes into view. It is wielding a +0 club.
The soul eater hits you but does no damage.
The iron imp hits you but does no damage.
The orc shouts!
You hit the iron imp.
You kill the iron imp!
The iron imp disappears in a puff of smoke!
You hit the kobold demonologist. You barely miss the quasit.
You hit the soul eater but do no damage.
The white imp disappears in a puff of smoke!
You block the kobold demonologist's attack.
You block the quasit's attack. The quasit claws you.
You feel clumsy. The quasit barely misses you. The soul eater hits you!
You die...

.. .. .K # ##.##
#.# #.##...##..(.
#.#.¤¤¤.#(8o8
#...3#.5...8.
#.#.¤@K¤#
####.##¤¤5##
##....###.###
#...........#
#...........#
##..............}
#.....###....#....
####..###....#}...
#........>.# #.#


You could see a soul eater (summoned), a kobold demonologist, a quasit
(summoned), a crimson imp (summoned) and an orc.

Vanquished Creatures
  A water moccasin (D:5)
  A black bear (D:5)
  A kobold brigand (D:6)
  2 scorpions
  3 hounds (D:5)
  2 jellies
  An iguana (D:5)
  A gnoll (D:1)
  5 adders
  A shadow imp (D:5)
  2 ufetubi
  4 dart slugs
  4 orcs
  7 endoplasms
  4 giant cockroaches
  5 goblins
  7 hobgoblins
  10 jackals
  4 quokkas
  4 ball pythons
  4 bats (D:1)
  2 frilled lizards
  2 kobolds
  6 rats
83 creatures vanquished.

Vanquished Creatures (others)
  A quokka (D:3)
1 creature vanquished.

Grand Total: 84 creatures vanquished

Notes
Turn   | Place    | Note
-------+----------+-------------------------------------------
     0 | D:1      | qw the Gargoyle Fighter began the quest for the Orb.
     0 | D:1      | Reached XP level 1. HP: 14/14 MP: 1/1
     0 | D:1      | Noticed a troll
     0 | D:1      | 0 ||| qw: Version: 0.2-a-102-gdf20003
     0 | D:1      | 0 ||| qw: Game counter: 809
     0 | D:1      | 0 ||| qw: Always use a shield: true
     0 | D:1      | 0 ||| qw: God list: Okawaru
     0 | D:1      | 0 ||| qw: Allow faded altars: false
     0 | D:1      | 0 ||| qw: Do Orc after D:15 true
     0 | D:1      | 0 ||| qw: Do second Lair branch before Depths: true
     0 | D:1      | 0 ||| qw: Lair rune preference: random
     0 | D:1      | 0 ||| qw: Plans: Normal, Zot:1-4, Slime:5, God:TSO, Crypt,
                  | Tomb, Pan, Hells, Abyss, Win
     0 | D:1      | 0 ||| PLANNING D:1-11
     1 | D:1      | Noticed a human
     5 | D:1      | Noticed a tengu
     6 | D:1      | Noticed a minotaur
     8 | D:1      | Noticed a human
    11 | D:1      | Noticed a troll
    13 | D:1      | Noticed a felid
    15 | D:1      | Noticed a tengu
    15 | D:1      | Noticed a demonspawn
    17 | D:1      | Noticed a dwarf
    19 | D:1      | Noticed an elf
    21 | D:1      | Noticed a tengu
    70 | D:1      | Reached skill level 2 in Axes
   203 | D:1      | Reached XP level 2. HP: 7/19 MP: 2/2
   429 | D:1      | Reached skill level 3 in Axes
   486 | D:1      | Reached XP level 3. HP: 23/23 MP: 3/3
   486 | D:1      | 486 ||| Stepping ~*~*~tactically~*~*~ (hiding).
  1059 | D:1      | 1059 ||| UPGRADING to +0 kite shield.
  1069 | D:1      | 1069 ||| DROPPING +0 buckler.
  1070 | D:1      | 1070 ||| UPGRADING to +0 cloak.
  1075 | D:1      | 1075 ||| UPGRADING to ring of resist corrosion.
  1076 | D:1      | 1076 ||| READING scroll labelled NUTABB MIUN.
  1077 | D:1      | 1077 ||| READING scroll labelled LOENTYFODE.
  1078 | D:1      | 1078 ||| READING scroll labelled URAYGURREB.
  1079 | D:1      | 1079 ||| READING scroll labelled IDWOYKHLEOSH.
  1101 | D:2      | 1101 ||| STAIRDANCE
  1130 | D:2      | 1130 ||| Stepping ~*~*~tactically~*~*~ (stealth).
  1411 | D:2      | 1411 ||| Stepping ~*~*~tactically~*~*~ (hiding).
  1557 | D:2      | Reached XP level 4. HP: 28/28 MP: 4/4
  1649 | D:2      | 1649 ||| UPGRADING to +0 chain mail.
  1659 | D:2      | 1659 ||| DROPPING +0 scale mail.
  1660 | D:2      | 1660 ||| DROPPING amulet of magic regeneration.
  1661 | D:2      | 1661 ||| READING scroll labelled MAOGISM VIEFI.
  1662 | D:2      | 1662 ||| READING scroll labelled TOEMPE QYRIC.
  1663 | D:2      | 1663 ||| READING 4 scrolls of identify.
  1663 | D:2      | 1663 ||| IDENTIFYING emerald potion
  1664 | D:2      | 1664 ||| DROPPING potion of magic.
  1737 | D:3      | 1737 ||| DROPPING +0 whip.
  1835 | D:3      | 1835 ||| Stepping ~*~*~tactically~*~*~ (stealth).
  1872 | D:3      | Identified the ring of Veidujosk {Fly rElec}
  2024 | D:3      | Found an opulent altar of Gozag.
  2533 | D:3      | 2533 ||| DROPPING ring of Veidujosk {Fly rElec}.
  2534 | D:3      | 2534 ||| READING scroll labelled BIAHAGU TESOSS.
  2535 | D:3      | 2535 ||| READING 4 scrolls of identify.
  2535 | D:3      | 2535 ||| IDENTIFYING pink potion
  2725 | D:4      | Found a basalt altar of Yredelemnul.
  2818 | D:4      | 2818 ||| Stepping ~*~*~tactically~*~*~ (stealth).
  2821 | D:4      | Noticed a scorpion
  2829 | D:4      | Killed a scorpion
  2830 | D:4      | Reached skill level 4 in Axes
  2830 | D:4      | Reached XP level 5. HP: 32/32 MP: 5/5
  2835 | D:4      | Found a glowing silver altar of Zin.
  2852 | D:4      | Found a glowing golden altar of the Shining One.
  3436 | D:4      | Found a runed translucent door.
  3437 | D:4      | Noticed Crazy Yiuf
  3820 | D:4      | 3820 ||| UPGRADING to +0 pair of gloves.
  3825 | D:4      | 3825 ||| READING scroll labelled ENONGU NYUPOYNU.
  3826 | D:4      | 3826 ||| READING scroll labelled YZYENIPUNI.
  3827 | D:4      | 3827 ||| READING 3 scrolls of identify.
  3827 | D:4      | 3827 ||| IDENTIFYING metallic green potion
  3828 | D:4      | 3828 ||| DROPPING potion of brilliance.
  3915 | D:5      | Entered Level 5 of the Dungeon
  3942 | D:5      | Noticed a black bear
  3951 | D:5      | Killed a black bear
  3952 | D:5      | Reached XP level 6. HP: 37/37 MP: 6/6
  3988 | D:5      | Noticed a water moccasin
  4005 | D:5      | Killed a water moccasin
  4006 | D:5      | Reached skill level 5 in Axes
  4022 | D:5      | 4022 ||| Stepping ~*~*~tactically~*~*~ (stealth).
  4031 | D:5      | 4031 ||| Stepping ~*~*~tactically~*~*~ (stealth).
  4032 | D:5      | 4032 ||| Stepping ~*~*~tactically~*~*~ (stealth).
  4062 | D:5      | Reached XP level 7. HP: 40/41 MP: 7/7
  4101 | D:5      | 4101 ||| FLEEEEING.
  4128 | D:5      | 4128 ||| Stepping ~*~*~tactically~*~*~ (stealth).
  4376 | D:5      | Found a staircase to the Ecumenical Temple.
  4377 | D:5      | 4377 ||| PLANNING TEMPLE
  4408 | Temple   | Entered the Ecumenical Temple
  4408 | Temple   | Found a transporter.
  4408 | Temple   | Found a transporter.
  4410 | Temple   | Found a transporter.
  4410 | Temple   | Found a transporter.
  4420 | Temple   | 4420 ||| PLANNING D:1-11
  4423 | Temple   | 4423 ||| PLANNING OKAWARU WORSHIP
  4426 | Temple   | Became a worshipper of Warmaster Okawaru
  4426 | Temple   | 4426 ||| PLANNING D:1-11
  4519 | D:5      | Reached skill level 1 in Throwing
  4536 | D:5      | Found an ancient bone altar of Kikubaaqudgha.
  4537 | D:5      | Found a blossoming altar of Fedhas.
  5092 | D:5      | 5092 ||| READING 5 scrolls of identify.
  5092 | D:5      | 5092 ||| IDENTIFYING metallic grey potion
  5211 | D:6      | Noticed a kobold demonologist
  5213 | D:6      | 5213 ||| Stepping ~*~*~tactically~*~*~ (hiding).
  5225 | D:6      | Noticed a soul eater
  5229 | D:6      | Reached skill level 6 in Axes
  5231 | D:6      | Noticed a troll
  5232 | D:6      | Slain by a soul eater

Levels and vault maps discovered:
D:1:      shiori_arrival_whats_in_store_for_you, layout_basic,
          minmay_door_square
D:2:      layout_rooms
D:3:      layout_loops_cross, mainiacjoe_overflow_boulevard, lemuel_flame_loot_1
D:4:      layout_basic, amcnicky_altar_gilded,
          mainiacjoe_overflow_concentric_impassable, kennysheep_mini,
          uniq_crazy_yiuf_cottage
D:5:      layout_layer_cave, grunt_temple_overflow_growth_and_decay,
          minmay_temple_entry_junction_2
D:6:      layout_gridville, minivault_26, minmay_chambers_of_fives
Temple:   hellmonk_temple_divided_pantheon

Skill      XL: |  1  2  3  4  5  6  7 |
---------------+----------------------+-----
Axes           | 2 3 4 5 6 |  6.1
Shields        | 4 5 |  5.5
Fighting       | 4 |  4.2
Throwing       | 1 |  1.0
Armour         | |  3.2

Action                     |  1- 3 |  4- 6 |  7- 9 || total
---------------------------+-------+-------+-------++-------
  Melee: War axe           |   100 |   106 |    93 ||   299
  Throw: Boomerang         |     2 |       |       ||     2
         Javelin           |       |       |     9 ||     9
    Use: Scroll            |     4 |     8 |     1 ||    13
 Armour: Scale mail        |    50 |       |       ||    50
         Chain mail        |       |    59 |    77 ||   136
  Dodge: Dodged            |    36 |    25 |    33 ||    94
  Block: Buckler           |    11 |       |       ||    11
         Kite shield       |    19 |    42 |    55 ||   116

Table legend:
 A = Non-vault XP
 B = Vault XP
 C = Vault XP percentage of total XP
 D = Non-vault monster count
 E = Vault monster count
 F = Vault count percentage of total count
                 A         B        C        D         E       F
            +---------+---------+-------+---------+---------+-------
      Total |     920 |     100 |   9.8 |      82 |       1 |   1.2
            +---------+---------+-------+---------+---------+-------
        D:1 |      47 |       0 |   0.0 |      20 |       0 |   0.0
        D:2 |      36 |       0 |   0.0 |      12 |       0 |   0.0
        D:3 |      42 |       0 |   0.0 |      18 |       0 |   0.0
        D:4 |     153 |       0 |   0.0 |      14 |       0 |   0.0
        D:5 |     634 |       0 |   0.0 |      17 |       0 |   0.0
        D:6 |       8 |     100 |  92.6 |       1 |       1 |  50.0
            +---------+---------+-------+---------+---------+-------
